 Dungeon Crawl Stone Soup version 0.17-a0-1632-g0af21bd (webtiles) character file.

47 maniek23 the Stinger (level 3, -3/25 HPs)
             Began as a Formicid Venom Mage on Aug 3, 2015.
             Slain by an adder (4 damage)
             ... on level 2 of the Dungeon.
             The game lasted 00:07:39 (1847 turns).

maniek23 the Stinger (Formicid Venom Mage)          Turns: 1847, Time: 00:07:39

Health: -3/25      AC:  3    Str: 13    XL:     3   Next: 97%
Magic:  1/6        EV: 12    Int: 14    God:
Gold:   106        SH:  0    Dex: 11    Spells: 3 memorised, 0 levels left

rFire  x . .     SeeInvis +     h - +0 spear
rCold  + . .     Clarity  .     e - +0 leather armour
rNeg   . . .     SustAt   .     (no shield)
rPois  .         Gourm    .     (helmet unavailable)
rElec  .         Spirit   .     (no cloak)
rCorr  .         Warding  .     (no gloves)
rMut   .         Stasis   +     (no boots)
MR     .....                    (no amulet)
Stlth  ++........               (no ring)
                                k - ring of ice

@: not resistant to hostile enchantments, unstealthy
A: permanent stasis, dig shafts and tunnels, four strong arms, antennae 3
a: Dig, Shaft Self


You were on level 2 of the Dungeon.
You were not hungry.

You visited 1 branch of the dungeon, and saw 2 of its levels.

You collected 106 gold pieces.

Inventory:

Hand weapons
 h - a +0 spear (weapon)
Missiles
 s - 39 sling bullets
Armour
 a - a +0 robe
 e - a +0 leather armour (worn)
 f - a +2 helmet of see invisible
 m - a +0 pair of boots
Jewellery
 k - a ring of ice (left hand)
Scrolls
 d - a scroll of random uselessness {unknown}
 j - 2 scrolls of identify {unknown}
 l - a scroll of noise {unknown}
 n - a scroll of remove curse {unknown}
Potions
 g - a potion of lignification {unknown}
 i - a potion of magic {unknown}
 q - 2 potions of curing {unknown}
 r - a potion of degeneration {unknown}
Books
 b - a Young Poisoner's Handbook

   Spells                             Type                      Level
   a - Sting                          Conjuration/Poison           1
   b - Cure Poison                    Poison                       2
   c - Mephitic Cloud                 Conjuration/Poison/Air       3
   d - Olgreb's Toxic Radiance        Poison                       4
   e - Venom Bolt                     Conjuration/Poison           5
Comestibles
 c - 2 bread rations
 p - 2 fruits


   Skills:
 + Level 0.7 Fighting
 + Level 1.0 Armour
 + Level 2.5 Dodging
 + Level 2.7 Stealth
 + Level 2.2 Spellcasting
 + Level 0.3 Conjurations
 + Level 5.7 Poison Magic


You couldn't memorise any spells.
You knew the following spells:

 Your Spells              Type           Power        Failure   Level  Hunger
a - Sting                 Conj/Pois      ##..         10%         1    #......
b - Cure Poison           Pois           ###.......   6%          2    ###....
c - Mephitic Cloud        Conj/Pois/Air  #.......     38%         3    ###....


Dungeon Overview and Level Annotations

Branches:
Dungeon (2/15)

Altars:


Innate Abilities, Weirdness & Mutations

You are under a permanent stasis effect.
You can dig through walls and to a lower floor.
Your four strong arms can wield two-handed weapons with a shield.
You have a pair of large antennae on your head (SInv).


Message History

You miss the adder. The adder bites you.
You are poisoned.
The adder poisons you!
You hit the adder but do no damage.
You feel sick. The adder bites you.
* * * LOW HITPOINT WARNING * * *
You are lethally poisoned!
The adder poisons you! The adder bites you.
* * * LOW HITPOINT WARNING * * *
Casting: Cure Poison
Confirm with . or Enter, or press ? or * to list all spells.
You are no longer poisoned.
The adder bites you.
* * * LOW HITPOINT WARNING * * *
You are lethally poisoned!
The adder poisons you!
Casting: Cure Poison
Confirm with . or Enter, or press ? or * to list all spells.
You are no longer poisoned.
The adder bites you.
You die...

#..## ####....##
..<.....## ####........#
#..#.......# ##.(#......#
####.........##
######.......#.####
##....#.##(..{#@#
##.......##....#S# ###
....(...###...).K# ...
........###.....####.##
##..............#.....#...
##....#####..............
##..###.................
####..!##.####....(.......
#.(..#.## #......(......


You could see an adder and a kobold.

Vanquished Creatures
  An adder (D:2)
  4 giant geckos
  8 bats
  2 hobgoblins (D:1)
  5 jackals
  3 giant newts (D:1)
  6 goblins
  2 kobolds
  7 rats
38 creatures vanquished.

Notes
Turn   | Place    | Note
--------------------------------------------------------------
     0 | D:1      | maniek23 the Formicid Venom Mage began the quest for the Orb.
     0 | D:1      | Reached XP level 1. HP: 13/13 MP: 3/3
   287 | D:1      | Reached XP level 2. HP: 4/19 MP: 1/5
   839 | D:1      | Reached XP level 3. HP: 13/24 MP: 1/6
  1677 | D:2      | Reached skill level 1 in Armour
  1681 | D:2      | Learned a level 2 spell: Cure Poison
  1685 | D:2      | Learned a level 3 spell: Mephitic Cloud
  1846 | D:2      | HP: 1/25 [adder (3)]
  1847 | D:2      | Slain by an adder

Vault maps used:
D:1:      nicolae_arrival_somewhat_less_tricky_arrival
D:2:      led_sif_pool, uniq_natasha

Action                   || total
-------------------------++-------
Melee: Unarmed           ||    47
       Spear             ||   131
 Cast: Sting             ||    23
       Cure Poison       ||     3
 Stab: Sleeping          ||     3
       Distracted        ||     1
  Eat: Chunk             ||     4
